 Dungeon Crawl Stone Soup version 0.27-a0-1555-g0e7b3fb1d2 (webtiles) character file.

Game seed: 3402443058990349750

522 Morbidden the Stinger (level 7, 0/51 HPs)
             Began as a Demonspawn Venom Mage on July 15, 2021.
             Succumbed to a killer bee's poison
             ... on level 5 of the Dungeon.
             The game lasted 00:11:10 (7556 turns).

Morbidden the Stinger (Demonspawn Venom Mage)       Turns: 7556, Time: 00:11:11

Health: 0/51       AC: 12    Str: 10    XL:     7   Next: 1%
Magic:  2/12       EV: 17    Int: 17    God:
Gold:   169        SH:  0    Dex: 13    Spells: 6/13 levels left

rFire    . . .     SeeInvis .   a - +2 short sword (protect)
rCold    . . .     Faith    .   (no shield)
rNeg     . . .     Spirit   .   d - +0 robe
rPois    .         Reflect  .   h - +0 helmet
rElec    .         Harm     .   (no cloak)
rCorr    .         Rampage  .   (no gloves)
Will     .....                  (no boots)
Stlth    ++........             (no amulet)
HPRegen  0.17/turn              (no ring)
MPRegen  0.13/turn              (no ring)

@: mighty, brilliant, agile, lethally poisoned (0 -> -14), under a protective
aura
A: molten scales 1, powered by death 3, powered by pain 1
a: no special abilities


You were on level 5 of the Dungeon.
You visited 2 branches of the dungeon, and saw 6 of its levels.

You collected 169 gold pieces.

Inventory:

Hand Weapons
 a - a +2 short sword of protection (weapon)
 m - a +0 short sword of speed
Armour
 d - a +0 robe (worn)
 h - a +0 helmet (worn)
 i - +0 gold dragon scales
Jewellery
 e - a +6 ring of intelligence
Scrolls
 b - 2 scrolls of identify
 k - 2 scrolls of holy word
 l - a scroll of fear {unknown}
 o - a scroll of vulnerability {unknown}


   Skills:
 * Level 2.5 Fighting
 + Level 1.2 Short Blades
 * Level 2.7 Dodging
 + Level 1.8 Stealth
 * Level 3.9 Spellcasting
 * Level 2.1 Transmutations
 * Level 1.1 Air Magic
 * Level 4.8 Poison Magic


You had 6 spell levels left.
You knew the following spells:

 Your Spells              Type           Power      Damage    Failure   Level
a - Sting                 Tmut/Pois      88%        1d7       3%          1
b - Poisonous Vapours     Pois/Air       40%        N/A       7%          2
c - Olgreb's Toxic Radia  Pois           29%        N/A       22%         4

Your spell library contained the following spells:

 Spells                   Type           Power      Damage    Failure   Level
 Mephitic Cloud           Conj/Pois/Air  15%        N/A       21%         3


Dungeon Overview and Level Annotations

Branches:
Dungeon (5/15)             Temple (1/1) D:4

Altars:
Elyvilon
Fedhas
Gozag
Hepliaklqana
Kikubaaqudgha
Makhleb
Nemelex Xobeh
Okawaru
Qazlal
Sif Muna
Trog
Uskayaw
Vehumet
Wu Jian
Yredelemnul
Zin
The Shining One

Annotations:
D:4 exclusion: statue, Sigmund


Innate Abilities, Weirdness & Mutations

You are partially covered in molten scales. (AC +2)
You regenerate a lot of health from kills.
You sometimes gain a little power by taking damage.


Message History

You puncture the orc priest!
The orc priest is severely wounded.
You feel very sick.
The killer bee stings you but does no damage.
The killer bee stings you.
You are more poisoned.
The killer bee poisons you!
The killer bee stings you but does no damage.
The killer bee completely misses you. The orc priest misses you.
The killer bee misses you. The killer bee stings you!
Unknown command.
You closely miss the orc priest.
The orc priest is severely wounded.
* * * LOW HITPOINT WARNING * * *
You feel very sick. The killer bee misses you. The killer bee stings you.
* * * LOW HITPOINT WARNING * * *
The killer bee closely misses you. The killer bee barely misses you.
The orc priest looks braver for a moment.
The killer bee misses you. The killer bee barely misses you.
Your magical contamination has completely faded away.
Unknown command.
* * * LOW HITPOINT WARNING * * *
You feel very sick. The killer bee misses you.
The orc priest closely misses you.
The killer bee stings you but does no damage.
The killer bee completely misses you.
Unknown command.
Unknown command.
You aren't carrying any potions.
Unknown command.
As you read the scroll labelled RITRER ARGHEI, it crumbles to dust.
It is a scroll of amnesia.
Really abort (and waste the scroll)? [Y]es or [N]o only, please.
Really abort (and waste the scroll)? [Y]es or [N]o only, please.
Really abort (and waste the scroll)?
Okay, then.
You die...

#....##................
#......................
##...........###.>.....
#.....#.....# #.......
#.....#.....# #.......
#.....#..)..# #.......
#........#### #.......
#........##### ....
#...y@o......# ....
#...yy##.....# ....
#....y##.....# ....
#.....##.....# ...
#......#.....# ..
#......#.....#
#......#.......
#......##......
#..:...#


You could see 4 killer bees and an orc priest (poisoned).

Vanquished Creatures
  A killer bee (D:5)
  3 orc priests
  A bullfrog skeleton (D:5)
  An iguana (D:5)
  3 orc wizards
  A hound skeleton (D:4)
  Robin (D:2)
  4 gnolls (D:3)
  4 adders
  A white imp (D:5)
  An ufetubus (D:5)
  4 worms
  4 dart slugs
  17 orcs
  7 endoplasms
  5 giant cockroaches
  18 goblins
  7 hobgoblins
  9 jackals
  4 quokkas
  3 ball pythons (D:1)
  5 bats (D:1)
  7 frilled lizards
  11 kobolds
  A quokka skeleton (D:4)
  2 rats
125 creatures vanquished.

Vanquished Creatures (others)
  A plant (D:4)
1 creature vanquished.

Grand Total: 126 creatures vanquished

Notes
Turn   | Place    | Note
-------+----------+-------------------------------------------
     0 | D:1      | Morbidden the Demonspawn Venom Mage began the quest for the
                  | Orb.
     0 | D:1      | Reached XP level 1. HP: 13/13 MP: 3/3
   240 | D:1      | Gained mutation: You are partially covered in molten
                  | scales. (AC +2) [demonic ancestry]
   240 | D:1      | Reached XP level 2. HP: 3/19 MP: 0/5
   751 | D:1      | Reached skill level 1 in Transmutations
  1407 | D:1      | Learned a level 2 spell: Poisonous Vapours
  1491 | D:1      | Gained mutation: You regenerate a little health from kills.
                  | [demonic ancestry]
  1491 | D:1      | Reached XP level 3. HP: 23/24 MP: 0/6
  2183 | D:2      | Noticed Robin
  2212 | D:2      | Reached skill level 4 in Poison Magic
  2290 | D:2      | Killed Robin
  2291 | D:2      | Gained mutation: You sometimes gain a little power by
                  | taking damage. [demonic ancestry]
  2291 | D:2      | Reached XP level 4. HP: 23/31 MP: 0/7
  2407 | D:2      | Found a faded altar of an unknown god.
  3234 | D:3      | Reached skill level 1 in Fighting
  3450 | D:3      | Gained mutation: You regenerate health from kills. [demonic
                  | ancestry]
  3450 | D:3      | Reached XP level 5. HP: 18/37 MP: 1/10
  3659 | D:3      | Learned a level 4 spell: Olgreb's Toxic Radiance
  4781 | D:4      | Found a staircase to the Ecumenical Temple.
  4795 | Temple   | Entered the Ecumenical Temple
  5309 | D:4      | Reached XP level 6. HP: 42/43 MP: 11/11
  5359 | D:4      | Found a radiant altar of Vehumet.
  5362 | D:4      | Noticed Sigmund
  6510 | D:5      | Entered Level 5 of the Dungeon
  7031 | D:5      | Reached skill level 1 in Air Magic
  7447 | D:5      | Reached skill level 1 in Short Blades
  7551 | D:5      | Gained mutation: You regenerate a lot of health from kills.
                  | [demonic ancestry]
  7551 | D:5      | Reached XP level 7. HP: 20/51 MP: 2/12
  7556 | D:5      | Succumbed to a killer bee's poison

Illustrated notes

Levels and vault maps discovered:
D:1:      dpeg_arrival_ternary, layout_basic, minmay_lizard_pond
D:2:      layout_loops_ring, ebering_ecumenical_altar_sacrificial, uniq_robin
D:3:      layout_basic, corexii_corridor_pit
D:4:      cheibrodos_old_hovel, layout_basic, vehumet_statue, temple_statues,
          uniq_sigmund
D:5:      layout_basic, grunt_temple_overflow_open, minivault_25
Temple:   compressed_dpeg_circular_temple

Skill      XL: |  1  2  3  4  5  6 |
---------------+-------------------+-----
Transmutations | 1 2 |  2.1
Dodging        | 2 |  2.7
Poison Magic   | 4 |  4.8
Spellcasting   | 3 |  3.9
Fighting       | 1 2 |  2.5
Air Magic      | 1 |  1.1
Short Blades   | 1 |  1.2
Stealth        | |  1.8

Action                   |  1- 3 |  4- 6 |  7- 9 || total
-------------------------+-------+-------+-------++-------
Melee: Unarmed           |    30 |       |       ||    30
       Short sword       |    34 |   142 |     3 ||   179
 Cast: Sting             |    79 |   112 |       ||   191
       Poisonous Vapours |     1 |    84 |       ||    85
  Use: Potion            |       |     5 |     1 ||     6
       Scroll            |       |     3 |     1 ||     4
 Stab: Sleeping          |     2 |     2 |       ||     4
Armor: Robe              |    39 |    57 |     6 ||   102
Dodge: Dodged            |    81 |   122 |    20 ||   223

Table legend: (Time is in decaauts)
 A = Elapsed time spent in this place.
 B = Non-inter-level travel time spent in this place.
 C = Inter-level travel time spent in this place.
 D = Time resting spent in this place.
 E = Time spent auto-exploring this place.
 F = Levels seen in this place.
 G = Mean time per level.
                   A        B        C        D        E       F      G
               +--------+--------+--------+--------+--------+-----+--------+
         Total |   7542 |   7398 |    144 |   1076 |   5097 |   6 | 1257.0 |
       Dungeon |   7401 |   7268 |    133 |   1076 |   4972 |   5 | 1480.2 |
        Temple |    140 |    129 |     11 |      0 |    125 |   1 |  140.0 |
               +--------+--------+--------+--------+--------+-----+--------+

Top non-repeatable levels by time:
     D:3: 2059 daAuts
     D:1: 1592 daAuts
     D:4: 1551 daAuts
     D:2: 1198 daAuts
     D:5: 1000 daAuts
  Temple: 140 daAuts
